 Dungeon Sprint DCSS version 0.31-a0-986-g5e6e4ef867 (webtiles) character file.

Game seed: 16666910148785030831

18634 rocky1 the Unseen (level 12, -7/122 HPs)
             Began as a Naga Venom Mage on Nov 5, 2023.
             Was an Elder of Cheibriados.
             Killed from afar by a white draconian (23 damage)
             ... with a blast of cold
             ... in the Dungeon (Sprint VII: "The Pits").
             The game lasted 00:12:18 (3886 turns).

rocky1 the Unseen (Naga Venom Mage)                 Turns: 3886, Time: 00:12:19

Health: -7/122     AC:  9    Str: 21    XL:     12   Next: 60%
Magic:  23/27      EV: 17    Int: 29    God:    Cheibriados [****..]
Gold:   33         SH:  0    Dex: 23    Spells: 25/33 levels left

rFire   . . .        l - +2 trident
rCold   . . .        (no shield)
rNeg    . . .        u - +0 acid dragon scales
rPois   +            (no helmet)
rElec   .            (no cloak)
rCorr   +            (no gloves)
SInv    +            (no barding)
Will    +....        (no amulet)
Stlth   +++++++      (no ring)
HPRegen 0.40/turn    (no ring)
MPRegen 0.20/turn

%: no teleportation
@: very slow
A: AC +4, large, see invisible, deformed body, poison resistance, slowness 2,
spit poison 1, naga tail 1
a: Spit Poison, Renounce Religion, Bend Time, Temporal Distortion, Slouch


You were in the Dungeon.
You worshipped Cheibriados.
Cheibriados was greatly pleased with you.
You visited 1 branch You collected 33 gold pieces.

Inventory:

Hand Weapons
 l - a +2 trident (weapon)
 s - the +2 scimitar of the Dowdy God {vamp, rPois rN+ rCorr Dex-2}
   (You found it in the Dungeon)

   Dex-2:     It affects your dexterity (-2).
   rPois:     It protects you from poison rN+: It protects you from negative
   energy.
   rCorr:     It protects you from acid and corrosion.
 t - a +2 halberd of venom
Missiles
 C - 3 atropa-tipped darts
Armour
 a - a +0 robe
 u - +0 acid dragon scales (worn)
Jewellery
 m - a +3 ring of strength
 n - a +3 ring of protection
 x - a ring of ice
Scrolls
 i - 2 scrolls of vulnerability
 j - 5 scrolls of amnesia
 k - a scroll of summoning
 w - 3 scrolls of fear
 y - 2 scrolls of enchant armour
 z - 6 scrolls of enchant weapon
 A - 3 scrolls of fog
 B - a scroll of identify
Potions
 c - 9 potions of curing
 d - 4 potions of heal wounds
 e - 4 potions of haste
 f - 2 potions of berserk rage
 h - 2 potions of invisibility
 o - 2 potions of mutation
 p - a potion of brilliance
 q - 2 potions of resistance
 r - a potion of might
 v - a potion of cancellation


   Skills:
 + Level 12.1 Fighting
 + Level 12.0 Polearms
 + Level 7.6 Armour
 + Level 10.3 Dodging
 + Level 17.9 Stealth
 + Level 11.0 Spellcasting
 + Level 4.1 Conjurations
 - Level 1.0 Transmutations
 + Level 4.1 Air Magic
 - Level 14.6 Poison Magic
 + Level 12.6 Invocations


You had 25 spell levels left.
You knew the following spells:

 Your Spells              Type           Power      Damage    Failure   Level
a - Sting                 Tmut/Pois      100%       1d8       1%          1
b - Olgreb's Toxic Radia  Pois           79%        N/A       1%          4
c - Mephitic Cloud        Conj/Pois/Air  57%        N/A       1%          3

Your spell library contained the following spells:

 Spells                   Type           Power      Damage    Failure   Level
 Poisonous Vapours        Pois/Air       100%       N/A       1%          2
 Wereblood                Tmut           21%        N/A       4%          2
 Petrify                  Tmut/Erth      18%        N/A       32%         4
 Malign Gateway           Summ/Tloc      8%         N/A       100%        7


Dungeon Overview and Level Annotations

Branches:
Dungeon (1/1)

Altars:
Ashenzari
Cheibriados
Dithmenos
Elyvilon
Fedhas
Gozag
Hepliaklqana
Kikubaaqudgha
Makhleb
Nemelex Xobeh
Okawaru
Qazlal
Ru
Sif Muna
Trog
Uskayaw
Vehumet
Wu Jian
Xom
Yredelemnul
Zin
The Shining One
Jiyva
Lugonu


Innate Abilities, Weirdness & Mutations

Your serpentine skin is tough. (AC +4)
You have supernaturally acute eyesight. (SInv)
Armour fits poorly on your strangely shaped body.
Your system is resistant to poisons. (rPois)
You cover ground very slowly.
You can spit poison.
You have a snake-like lower body.


Message History

Press: ? - help, Dir - look around, f - activate You can feel time thicken for a moment.
You kill the green draconian!
Cheibriados appreciates the change of pace.
You can no longer step out of the flow of time.
Cheibriados lowers the support of your attributes as your movement quickens.
The white draconian misses you.
Your Polearms skill increases to level 12!
Your Conjurations skill increases to level 4!
Your Air Magic skill increases to level 4!
Unknown command.
You hit the white draconian but do no damage.
The white draconian is severely wounded.
The white draconian breathes frost at you.
The blast of cold hits you!!
* * * LOW HITPOINT WARNING * * *
Unknown command.
You feel much better.
The white draconian hits you with a +0 short sword!
Unknown command.
You hit the white draconian but do no damage.
The white draconian is severely wounded.
You hit the white draconian but do no damage.
The white draconian is severely wounded.
The white draconian hits you but does no damage.
You puncture the white draconian!
The white draconian is severely wounded.
The white draconian hits you with a +0 short sword!
* * * LOW HITPOINT WARNING * * *
You barely miss the white draconian.
The white draconian is severely wounded.
The white draconian hits you with a +0 short sword!
* * * LOW HITPOINT WARNING * * *
You hit the white draconian.
The white draconian is almost dead.
You hit the white draconian but do no damage.
The white draconian is almost dead.
The white draconian breathes frost at you.
The blast of cold hits you!!
You die...

###################+#
.................d..#
.........)......@)).#
##++##############..#
#..# #..# #..# #d.#
#..# #..# #..#


You could see a white draconian (catching breath).

Vanquished Creatures
  A ghost moth (D)
  A stone giant (D)
  A vampire knight (D)
  A green draconian (D)
  A black draconian (D)
  A deep elf high priest (D)
  2 alligators (D)
  A demonic crawler (D)
  A boulder beetle (D)
  2 vampire magi (D)
  4 skeletal warriors (D)
  2 bog bodies (D)
  A lindwurm (D)
  An orc sorcerer (D)
  3 elephants (D)
  2 gargoyles (D)
  An orange demon (D)
  A cane toad (D)
  A yaktaur (D)
  A kobold demonologist (D)
  An efreet (D)
  An ice devil (D)
  A red devil (D)
  2 polar bears (D)
  A tarantella (D)
  2 trolls (D)
  A snapping turtle (D)
  A glass eye (D)
  A jumping spider (D)
  A basilisk (D)
  A steam dragon (D)
  Edmund (D)
  An acid dragon (D)
  A swamp drake (D)
  3 sky beasts (D)
  A small abomination (D)
  A black bear (D)
  A phantom (D)
  A bullfrog (D)
  7 wights (D)
  6 killer bees (D)
  A quasit (D)
  2 gnoll boudas (D)
  Jessica (D)
  Ijyb (D)
  11 gnolls (D)
  2 adders (D)
  A river rat (D)
  An ufetubus (D)
  An orc (D)
  2 endoplasms (D)
  A giant cockroach (D)
  A goblin (D)
  2 hobgoblins (D)
  3 jackals (D)
  A ball python skeleton (D)
  A bat (D)
  A frilled lizard (D)
98 creatures vanquished.

Notes
Turn   | Place    | Note
-------+----------+-------------------------------------------
     0 | D        | rocky1 the Naga Venom Mage began the quest for the Orb.
     0 | D        | Reached XP level 1. HP: 15/15 MP: 3/3
    31 | D        | Reached skill level 1 in Fighting
    31 | D        | Reached skill level 4 in Stealth
    31 | D        | Reached XP level 2. HP: 14/25 MP: 0/5
   114 | D        | Found a bloodstained altar of Trog.
   114 | D        | Found a shimmering blue altar of Sif Muna.
   114 | D        | Found a viscous altar of Jiyva.
   114 | D        | Found a hazy altar of Hepliaklqana.
   114 | D        | Found an opulent altar of Gozag.
   115 | D        | Found a glowing golden altar of the Shining One.
   115 | D        | Found a glowing silver altar of Zin.
   115 | D        | Found a basalt altar of Yredelemnul.
   115 | D        | Found a shimmering altar of Xom.
   115 | D        | Found an ornate altar of the Wu Jian Council.
   115 | D        | Found a sacrificial altar of Ru.
   115 | D        | Found a stormy altar of Qazlal.
   115 | D        | Found an iron altar of Okawaru.
   115 | D        | Found a sparkling altar of Nemelex Xobeh.
   115 | D        | Found a burning altar of Makhleb.
   115 | D        | Found a blossoming altar of Fedhas.
   115 | D        | Found a white marble altar of Elyvilon.
   115 | D        | Found a shadowy altar of Dithmenos.
   115 | D        | Found a snail-covered altar of Cheibriados.
   119 | D        | Found a corrupted altar of Lugonu.
   119 | D        | Found a radiant altar of Vehumet.
   120 | D        | Found a broken altar of Ashenzari.
   120 | D        | Found an ancient bone altar of Kikubaaqudgha.
   120 | D        | Found a hide-covered altar of Uskayaw.
   126 | D        | Became a worshipper of Cheibriados the Contemplative
   147 | D        | Reached * piety under Cheibriados
   224 | D        | Noticed a glass eye
   254 | D        | Killed a glass eye
   255 | D        | Reached skill level 7 in Stealth
   255 | D        | Reached XP level 3. HP: 36/36 MP: 1/8
   255 | D        | Reached XP level 4. HP: 44/44 MP: 1/10
   255 | D        | Reached XP level 5. HP: 50/50 MP: 1/11
   437 | D        | Reached ** piety under Cheibriados
   438 | D        | Noticed Jessica
   445 | D        | Killed Jessica
   453 | D        | Reached *** piety under Cheibriados
   454 | D        | Reached XP level 6. HP: 7/58 MP: 6/12
   664 | D        | Learned a level 4 spell: Olgreb's Toxic Radiance
   668 | D        | Learned a level 3 spell: Mephitic Cloud
   682 | D        | Noticed a sky beast
   683 | D        | Reached **** piety under Cheibriados
   686 | D        | Reached skill level 8 in Stealth
   689 | D        | Killed a sky beast
   690 | D        | Reached skill level 5 in Fighting
   690 | D        | Reached skill level 5 in Spellcasting
   690 | D        | Reached skill level 5 in Invocations
   695 | D        | Reached ***** piety under Cheibriados
   696 | D        | Reached skill level 5 in Polearms
   696 | D        | Reached skill level 9 in Stealth
   708 | D        | Reached XP level 7. HP: 57/67 MP: 3/15
   820 | D        | Noticed a gargoyle
   830 | D        | Killed a gargoyle
   831 | D        | Reached skill level 5 in Dodging
   831 | D        | Reached skill level 10 in Stealth
  1051 | D        | Reached ****** piety under Cheibriados
  1059 | D        | Reached XP level 8. HP: 78/78 MP: 13/17
  1084 | D        | Noticed an elephant
  1084 | D        | Noticed a bog body
  1091 | D        | Killed a bog body
  1092 | D        | Reached skill level 11 in Stealth
  1092 | D        | Reached skill level 10 in Poison Magic
  1097 | D        | Killed an elephant
  1098 | D        | Reached skill level 12 in Stealth
  1098 | D        | Reached XP level 9. HP: 35/87 MP: 6/19
  1293 | D        | Got the +2 scimitar of the Dowdy God {vamp, rPois rN+ rCorr
                  | Dex-2}
  1451 | D        | Noticed an elephant
  1465 | D        | Killed an elephant
  1894 | D        | Noticed a boulder beetle
  1895 | D        | Noticed a tarantella
  1896 | D        | Killed a tarantella
  1897 | D        | Reached skill level 1 in Armour
  1899 | D        | Reached skill level 13 in Stealth
  1901 | D        | Killed a boulder beetle
  1902 | D        | Reached XP level 10. HP: 46/98 MP: 6/22
  2255 | D        | Noticed a skeletal warrior
  2255 | D        | Noticed a skeletal warrior
  2260 | D        | Noticed a skeletal warrior
  2260 | D        | Noticed a skeletal warrior
  2261 | D        | Killed a skeletal warrior
  2261 | D        | Killed a skeletal warrior
  2261 | D        | Noticed an orc sorcerer
  2262 | D        | Reached skill level 14 in Stealth
  2265 | D        | Killed a skeletal warrior
  2265 | D        | Killed an orc sorcerer
  2266 | D        | Reached skill level 10 in Invocations
  2329 | D        | Noticed Edmund
  2370 | D        | Noticed an alligator
  2378 | D        | Killed an alligator
  2388 | D        | Noticed an alligator
  2393 | D        | Killed a skeletal warrior
  2394 | D        | Reached skill level 10 in Fighting
  2394 | D        | Reached skill level 15 in Stealth
  2394 | D        | Reached XP level 11. HP: 31/108 MP: 3/24
  2406 | D        | Noticed Ijyb
  2406 | D        | Killed Ijyb
  2413 | D        | Reached skill level 10 in Polearms
  2514 | D        | Noticed a vampire mage
  2516 | D        | Reached skill level 5 in Armour
  2517 | D        | Killed a vampire mage
  2540 | D        | Noticed a demonic crawler
  2540 | D        | Noticed a vampire knight
  2542 | D        | Killed an alligator
  2542 | D        | Killed a demonic crawler
  2543 | D        | Reached skill level 16 in Stealth
  2544 | D        | Killed a vampire knight
  2545 | D        | Reached skill level 10 in Spellcasting
  2594 | D        | Noticed a bog body
  2604 | D        | Killed a bog body
  2792 | D        | Killed Edmund
  2917 | D        | Got the Octavo of Reshaped Points
  3021 | D        | Noticed a lindwurm
  3029 | D        | Killed a lindwurm
  3030 | D        | Reached XP level 12. HP: 112/120 MP: 22/26
  3063 | D        | Reached skill level 1 in Conjurations
  3063 | D        | Reached skill level 1 in Air Magic
  3092 | D        | Noticed a vampire mage
  3095 | D        | Killed a vampire mage
  3096 | D        | Reached skill level 17 in Stealth
  3189 | D        | Noticed a ghost moth
  3204 | D        | Killed a ghost moth
  3205 | D        | Reached skill level 10 in Dodging
  3467 | D        | Noticed a deep elf high priest
  3468 | D        | Noticed a stone giant
  3469 | D        | Noticed a white draconian
  3469 | D        | Noticed a black draconian
  3478 | D        | Killed a deep elf high priest
  3482 | D        | Killed a stone giant
  3857 | D        | Noticed a green draconian
  3857 | D        | Noticed a sphinx
  3858 | D        | Noticed a lich
  3874 | D        | Killed a black draconian
  3878 | D        | Killed a green draconian
  3886 | D        | Killed from afar by a white draconian

Illustrated notes

Levels and vault maps discovered:
D:        pitsprint [storerooms_1, entrance_room_1, metal_vault_1, armoury_1,
          mini_pit_1, grid_room_1, main_hall_1, silver_pit, the_coven_1,
          the_vestibule_1, steel_vault_1, golden_pit, hallway_of_sentries,
          crystal_vault_4, iron_vault_2, final_vault]

Skill      XL: |  1  2  3  4  5  6  7  8  9 10 11 12 |
---------------+-------------------------------------+-----
Fighting       | 1 4 5 6 7 8 10 11 12 | 12.1
Dodging        | 2 3 4 5 6 7 8 9 10 | 10.3
Stealth        | 4 7 9 10 12 13 15 16 17 | 17.9
Polearms       | 3 4 5 6 7 8 9 11 12 | 12.0
Spellcasting   | 4 5 6 7 8 9 10 11 | 11.0
Poison Magic   | 6 7 8 9 10 11 13 14 | 14.6
Invocations    | 3 4 5 6 7 9 10 11 12 | 12.6
Armour         | 2 4 6 7 |  7.6
Conjurations   | 4 |  4.1
Air Magic      | 4 |  4.1
Transmutations | |  1.0

Action                     |  1- 3 |  4- 6 |  7- 9 | 10-12 || total
---------------------------+-------+-------+-------+-------++-------
  Melee: Trident           |    27 |    29 |    42 |    88 ||   186
         Punch             |       |     1 |       |     2 ||     3
   Cast: Sting             |    10 |     7 |     1 |       ||    18
         Olgreb's Toxic Ra |       |     3 |     7 |    14 ||    24
 Invoke: Slouch            |       |       |     3 |    33 ||    36
Ability: Spit Poison       |     2 |     1 |       |     1 ||     4
    Use: Potion            |       |       |     3 |    16 ||    19
         Scroll            |       |       |       |     2 ||     2
   Stab: Sleeping          |       |       |     2 |     3 ||     5
         Distracted        |       |       |       |     1 ||     1
 Armour: Robe              |     5 |    31 |    28 |       ||    64
         Acid dragon scale |       |       |     4 |    71 ||    75
  Dodge: Dodged            |     2 |    31 |    25 |    88 ||   146

Table legend: (Time is in decaauts)
 A = Elapsed time spent in this place.
 B = Non-inter-level travel time spent in this place.
 C = Inter-level travel time spent in this place.
 D = Time resting spent in this place.
 E = Time spent auto-exploring this place.
 F = Levels seen in this place.
 G = Mean time per level.
                   A        B        C        D        E       F      G
               +--------+--------+--------+--------+--------+-----+--------+
         Total |   4883 |   4486 |    397 |   2876 |      0 |   1 | 4883.0 |
       Dungeon |   4883 |   4486 |    397 |   2876 |      0 |   1 | 4883.0 |
               +--------+--------+--------+--------+--------+-----+--------+

Top non-repeatable levels by time:
       D: 4883 daAuts
